 Dungeon Crawl Stone Soup version bcrawl-1.15.1 (webtiles) character file.

Game seed: 14090084346517839194

80 Banto the Insei (level 4, -1/28 HPs)
             Began as an Octopode Transmuter on Oct 2, 2019.
             Slain by a river rat (6 damage)
             ... on level 3 of the Dungeon.
             The game lasted 00:03:00 (2934 turns).

Banto the Insei (Octopode Transmuter)               Turns: 2934, Time: 00:03:00

Health: -1/28      AC:  1    Str:  9    XL:     4   Next: 39%
Magic:  1/7        EV: 13    Int: 16    God:
Gold:   130        SH:  0    Dex: 12    Spells: 1/7 levels left

rFire    . . .     SeeInvis .     - Unarmed
rCold    . . .     Gourm    .   (no shield)
rNeg     . . .     Faith    .   (helmet restricted)
rPois    .         Spirit   .   (cloak restricted)
rElec    .         Reflect  .   (no amulet)
rCorr    .         Harm     .   (no ring)
MR       .....                  (no ring)
Stlth    ++........             (no ring)
HPRegen  0.09/turn              (no ring)
MPRegen  0.10/turn              (no ring)
                                (no ring)
                                (no ring)
                                (no ring)

@: appendage
A: almost no armour, stealthy swim, amphibious, 8 rings, constrict 8, tentacle
spike 3, camouflage 1, gelatinous body 1
a: End Transformation


You were on level 3 of the Dungeon.
You were hungry.
One of your tentacles had a temporary spike.
You visited 1 branch of the dungeon, and saw 3 of its levels.

You collected 130 gold pieces.

Inventory:

Missiles
 a - 320 arrows
Scrolls
 b - 2 scrolls of teleportation
 e - a scroll of remove curse {unknown}
 f - 2 scrolls of enchant weapon {unknown}
 g - a scroll of immolation {unknown}
 h - 4 scrolls of identify
 m - a scroll of magic mapping {unknown}
Potions
 c - a potion of lignification
 i - a potion of ambrosia {unknown}
 j - a potion of curing
 k - a potion of invisibility {unknown}
Comestibles
 d - 5 rations {!d}
 l - a chunk of flesh


   Skills:
 - Level 1.0 Fighting
 - Level 2.0 Dodging
 + Level 4.1 Unarmed Combat
 - Level 2.0 Spellcasting
 + Level 3.4 Transmutations


You had one spell level left.
You knew the following spells:

 Your Spells              Type           Power        Failure   Level  Hunger
a - Beastly Appendage     Tmut           ##....       4%          1    #......
b - Sticks to Snakes      Tmut           ##......     8%          2    ###....
c - Spider Form           Tmut/Pois      #..          30%         3    ###....

Your spell library contained the following spells:

 Spells                   Type           Power        Failure   Level  Hunger
 Ice Form                 Ice/Tmut       #.......     71%         4    #####..
 Blade Hands              Tmut           ##........   80%         5    ######.


Dungeon Overview and Level Annotations

Branches:
Dungeon (3/12)

Altars:
Ashenzari
Dithmenos
Elyvilon
Okawaru
Qazlal
Ru
Trog
Zin


Innate Abilities, Weirdness & Mutations

You cannot wear most types of armour.
You are very stealthy in the water. (Stealth+)
You are amphibious.
You can wear up to eight rings at the same time.
You can use your tentacles to constrict eight enemies at once.
Your skin changes colour to match your surroundings (Stealth+).
Your rubbery body absorbs attacks. (AC +1, EV +1)
One of your tentacles bears a large vicious spike.


Message History

Your ball python closely misses the river rat.
Your ball python grabs the river rat.
Your ball python constricts the river rat.
The river rat struggles to escape constriction.
Your ball python bites the river rat.
Your ball python constricts the river rat.
The river rat struggles to escape constriction.
Your ball python bites the river rat but does no damage.
Your ball python constricts the river rat.
The worm bites your ball python!
Your ball python dies!
The river rat closely misses you.
You tentacle-slap the river rat but do no damage.
Your grab misses the river rat. Your squeeze misses the river rat.
The river rat is moderately wounded.
Your ball python bites the worm but does no damage.
Your ball python completely misses the worm.
Your ball python bites the worm.
Your ball python grabs the worm.
Your ball python constricts the worm.
The river rat bites you.
You die...

........ ........ ##...?..
........ .......#
s.......###..#... ##
.........#....... ###.#
......# ........##### #.#.##
†#######...#........###.#.#.##
wr.##........#..#.............
...r.......#...r@...(.#......S
.....s†..........S...#........
......<.........w.†..#........
.....................#........
...............<.÷............
....................#.........
.....................(#.......
......)....#........#.........
...##.....###..#######........


You could see a worm, a river rat and a friendly ball python.

Vanquished Creatures
  An adder (D:2)
  A river rat (D:3)
  6 dart slugs
  A leopard gecko (D:3)
  5 bats
  5 giant cockroaches
  2 goblins
  6 hobgoblins
  A quokka (D:2)
  2 ball pythons
  5 frilled lizards
  9 kobolds
  5 rats
49 creatures vanquished.

Vanquished Creatures (collateral kills)
  A worm (D:3)
1 creature vanquished.

Grand Total: 50 creatures vanquished

Notes
Turn   | Place    | Note
-------+----------+-------------------------------------------
     0 | D:1      | Banto the Octopode Transmuter began the quest for the Orb.
     0 | D:1      | Reached XP level 1. HP: 13/13 MP: 3/3
   493 | D:1      | Reached XP level 2. HP: 10/18 MP: 5/5
  1090 | D:1      | Reached XP level 3. HP: 23/23 MP: 6/6
  1130 | D:1      | Learned a level 2 spell: Sticks to Snakes
  1134 | D:1      | Learned a level 3 spell: Spider Form
  1420 | D:2      | Found an iron altar of Okawaru.
  1548 | D:2      | Found a glowing silver altar of Zin.
  2011 | D:2      | Found a bloodstained altar of Trog.
  2106 | D:2      | Found a stormy altar of Qazlal.
  2107 | D:2      | Found a shattered altar of Ashenzari.
  2107 | D:2      | Found a sacrificial altar of Ru.
  2108 | D:2      | Found an iron altar of Okawaru.
  2109 | D:2      | Found a white marble altar of Elyvilon.
  2109 | D:2      | Found a shadowy altar of Dithmenos.
  2240 | D:2      | Reached XP level 4. HP: 19/28 MP: 7/7
  2410 | D:2      | Reached skill level 4 in Unarmed Combat
  2934 | D:3      | Slain by a river rat

Skill      XL: |  1  2  3  4 |
---------------+-------------+-----
Transmutations | 3 |  3.4
Unarmed Combat | 4 |  4.1
Fighting       | |  1.0
Dodging        | |  2.0
Spellcasting   | |  2.0

Action                   |  1- 3 |  4- 6 || total
-------------------------+-------+-------++-------
Melee: Unarmed           |    94 |    26 ||   120
       Constrict         |    31 |     6 ||    37
       Tentacles         |    19 |     2 ||    21
       Punch             |     1 |     1 ||     2
       Kick              |       |     4 ||     4
 Cast: Beastly Appendage |     1 |     2 ||     3
       Sticks to Snakes  |       |     3 ||     3
  Use: Scroll            |     2 |       ||     2
 Stab: Sleeping          |     5 |     6 ||    11
  Eat: Chunk             |     4 |     2 ||     6
Armor: Skin              |    10 |       ||    10
Dodge: Dodged            |    58 |    15 ||    73
